 Dungeon Crawl Stone Soup version 0.18-a0-971-g0af6217 (webtiles) character file.

387 JokEr the Magician (level 6, -2/32 HPs)
             Began as a Deep Elf Wizard on Jan 2, 2016.
             Killed from afar by an orc wizard (6 damage)
             ... with a puff of flame
             ... on level 4 of the Dungeon.
             The game lasted 00:20:24 (4621 turns).

JokEr the Magician (Deep Elf Wizard)                Turns: 4621, Time: 00:20:25

Health: -2/32      AC:  3    Str:  4    XL:     6   Next: 49%
Magic:  10/18      EV: 12    Int: 25    God:
Gold:   167        SH:  0    Dex: 13    Spells: 4 memorised, 11 levels left

rFire  . . .     SeeInvis .     (no weapon)
rCold  . . .     Gourm    .     p - +1 robe
rNeg   . . .     Faith    .     (no shield)
rPois  .         Spirit   .     b - +0 hat
rElec  .         Dismiss  .     (no cloak)
rCorr  .         Reflect  .     (no gloves)
SustAt .         Harm     .     (no boots)
MR     ++...                    (no amulet)
Stlth  ++........               (no ring)
                                o - -5 ring of slaying (curse)

@: very resistant to hostile enchantments, unstealthy
A: magic resistance 2, sturdy frame 1
a: no special abilities


You were on level 4 of the Dungeon.
You were not hungry.

You visited 1 branch of the dungeon, and saw 4 of its levels.

You collected 167 gold pieces.

Inventory:

Armour
 a - a +0 robe
 b - a +0 hat (worn)
 p - a +1 robe (worn)
 s - a +2 cloak
Jewellery
 o - a cursed -5 ring of slaying (left hand)
Scrolls
 h - a scroll of magic mapping
Potions
 e - 2 potions of cure mutation
 f - 2 potions of might
 i - a potion of agility {unknown}
 k - 2 potions of brilliance {unknown}
 l - 5 potions of curing {unknown}
 n - a potion of flight {unknown}
 r - 2 potions of poison {unknown}
Books
 c - a book of Minor Magic

   Spells                             Type                      Level
   a - Magic Dart                     Conjuration                  1
   b - Blink                          Translocation                2
   c - Call Imp                       Summoning                    2
   d - Repel Missiles                 Charms/Air                   2
   e - Slow                           Hexes                        2
   f - Conjure Flame                  Conjuration/Fire             3
   g - Mephitic Cloud                 Conjuration/Poison/Air       3
 q - a book of Hinderance

   Spells                             Type                      Level
   a - Confusing Touch                Hexes                        2
   b - Confuse                        Hexes                        3
   c - Gell's Gravitas                Hexes/Translocation          3
   d - Petrify                        Transmutation/Earth          4
   e - Metabolic Englaciation         Hexes/Ice                    5
   f - Yara's Violent Unravelling     Hexes/Transmutation          5
Comestibles
 d - 3 bread rations
 j - a fruit


   Skills:
 - Level 2.4 Dodging
 - Level 2.4 Stealth
 + Level 7.7 Spellcasting
 - Level 2.5 Conjurations
   Level 1.1 Summonings
 - Level 1.1 Translocations
 + Level 4.2 Poison Magic


You had 11 spell levels left.
You knew the following spells:

 Your Spells              Type           Power        Failure   Level  Hunger
a - Magic Dart            Conj           ###.         1%          1    None
b - Mephitic Cloud        Conj/Pois/Air  ###.....     10%         3    None
c - Conjure Flame         Conj/Fire      ###.....     12%         3    None
d - Blink                 Tloc           N/A          8%          2    None


Dungeon Overview and Level Annotations

Branches:
Dungeon (4/15)
 Temple: D:4-7

Altars:
Nemelex Xobeh


Innate Abilities, Weirdness & Mutations

You are highly resistant to hostile enchantments.
Your movements are slightly less encumbered by armour (ER -2).


Message History

The magic dart hits you!
* * * LOW HITPOINT WARNING * * *
There is a stone staircase leading up, spattered with blood here.
You see here a club.
Casting: Magic Dart
Confirm with . or Enter, or press ? or * to list all spells.
Aiming: Conjure Flame
Press: ? - help, Dir - move target cursor You see a ghostly outline there, and the spell fizzles.
Something hits you.
* * * LOW HITPOINT WARNING * * *
Casting: Conjure Flame
Confirm with . or Enter, or press ? or * to list all spells.
Aiming: Conjure Flame
Press: ? - help, Dir - move target cursor You see a ghostly outline there, and the spell fizzles.
You hear some strange, mumbled words.
A puff of flame appears from out of thin air!
The puff of flame hits you!
You die...

.............####.# #####..
#............# #.# #......
#.##.........# ##.## ###.#####
..).........## #...# #........
#ยง##.......## #...# #.#.##..#
#.##...#...# #)..# #.#.##..#
#.###......#####...######.#......
#{# ####.(##....{......##.##.##.#
.{# ###......).@....#..#.##.##..
######...).#(..[.)...............
#...#.#.#####..)#######.......
#..((.#.# #...# #.##.##.
#...###.# #..[# #.##.##.
##.l###.# #...#######.##....
#......# ##.###......#####.
#.###### #.# #.####....... #.#
#.###.####.####..


There were no monsters in sight!

Vanquished Creatures
  An orc priest (D:4)
  4 orc wizards
  Ijyb (D:3)
  2 worker ants (D:4)
  6 adders
  3 oozes
  An adder skeleton (D:4)
  A worm (D:2)
  6 giant geckos
  14 orcs
  A ball python (D:2)
  5 bats
  5 giant cockroaches
  7 goblins
  6 hobgoblins
  10 jackals
  3 kobolds
  2 quokkas
  3 giant newts
  8 rats
89 creatures vanquished.

Notes
Turn   | Place    | Note
--------------------------------------------------------------
     0 | D:1      | JokEr the Deep Elf Wizard began the quest for the Orb.
     0 | D:1      | Reached XP level 1. HP: 10/10 MP: 7/7
   160 | D:1      | Reached XP level 2. HP: 15/15 MP: 4/9
   213 | D:1      | Reached skill level 5 in Spellcasting
   315 | D:1      | Found a sparkling altar of Nemelex Xobeh.
   793 | D:2      | Reached XP level 3. HP: 19/19 MP: 3/11
   965 | D:2      | Learned a level 3 spell: Mephitic Cloud
   969 | D:2      | Learned a level 3 spell: Conjure Flame
   972 | D:2      | Learned a level 2 spell: Blink
  1288 | D:2      | Reached skill level 1 in Poison Magic
  1743 | D:2      | Reached XP level 4. HP: 24/24 MP: 11/13
  2320 | D:3      | Reached skill level 6 in Spellcasting
  2648 | D:3      | Reached XP level 5. HP: 28/28 MP: 6/15
  2727 | D:3      | Noticed Ijyb
  2746 | D:3      | Killed Ijyb
  2937 | D:3      | Gained mutation: Your movements are slightly less encumbered by armour (ER -2). [potion of mutation]
  2937 | D:3      | Gained mutation: You are resistant to hostile enchantments. [potion of mutation]
  2937 | D:3      | Gained mutation: You are highly resistant to hostile enchantments. [potion of mutation]
  3451 | D:4      | Reached skill level 7 in Spellcasting
  3596 | D:4      | Reached XP level 6. HP: 32/32 MP: 4/18
  4621 | D:4      | Killed from afar by an orc wizard

Vault maps used:
D:1:      dpeg_arrival_pits, nemelex_deck
D:3:      first_bread, uniq_iyjb

Action                   |  1- 3 |  4- 6 || total
-------------------------+-------+-------++-------
Melee: Unarmed           |       |     7 ||     7
 Cast: Magic Dart        |    95 |   169 ||   264
       Mephitic Cloud    |       |     8 ||     8
       Conjure Flame     |       |     8 ||     8
  Use: Scroll            |     6 |     3 ||     9
       Potion            |       |     1 ||     1
  Eat: Chunk             |     2 |     9 ||    11
